 Dungeon Crawl Stone Soup version 0.30.1-11-g7821555f0a (webtiles) character file.

Game seed: 8625027995625011780

494 lonewolfV2 the Trooper (level 7, 0/59 HPs)
             Began as a Formicid Fighter on Nov 17, 2023.
             Was a Follower of Qazlal.
             Blown up by an orc warrior (20 damage)
             ... with a mindburst bolt
             ... on level 5 of the Dungeon.
             The game lasted 00:05:03 (4054 turns).

lonewolfV2 the Trooper (Formicid Fighter)           Turns: 4054, Time: 00:05:03

Health: 0/59       AC: 11    Str: 20    XL:     7   Next: 38%
Magic:  7/7        EV:  7    Int:  8    God:    Qazlal [*.....]
Gold:   104        SH:  6    Dex: 15    Spells: 6/6 levels left

rFire   . . .        b - +7 Throatcutter {drain, coup de grace}
rCold   . . .        c - +0 buckler
rNeg    . . .        q - +0 chain mail
rPois   .            (helmet unavailable)
rElec   .            f - +1 cloak
rCorr   +            (no gloves)
SInv    +            (no boots)
Will    .....        (no amulet) Stlth
                     p - ring of resist corrosion
HPRegen 0.29/turn    (no ring)
MPRegen 0.10/turn

%: no passive effects
@: no status effects
A: permanent stasis, dig shafts and tunnels, antennae 3, four strong arms
a: Dig, Shaft Self, Renounce Religion


You were on level 5 of the Dungeon.
You worshipped Qazlal.
Qazlal was aware of your devotion.
You visited 2 branches of the dungeon, and saw 6 of its levels.

You collected 104 gold pieces.

Inventory:

Hand Weapons
 a - a +2 war axe
 b - the +7 Throatcutter (weapon) {drain, coup de grace}
   (You found it on level 4 of the Dungeon)
Missiles
 l - a throwing net
Armour
 c - a +0 buckler (worn)
 f - a +1 cloak (worn)
 q - a +0 chain mail (worn)
Jewellery
 p - a ring of resist corrosion (left hand)
Wands
 j - a wand of paralysis (26)
Scrolls
 e - 2 scrolls of identify
 k - a scroll of fear
 n - a scroll of amnesia
 o - 2 scrolls of blinking
 r - a scroll of enchant weapon
Potions
 d - 2 potions of might
 g - 2 potions of degeneration
 h - a potion of heal wounds
 i - a potion of curing
 m - 2 potions of berserk rage
 s - a potion of haste {unknown}


   Skills:
 + Level 6.3 Fighting
 * Level 2.2 Long Blades
 - Level 5.0 Axes
 - Level 3.2 Armour
 - Level 4.0 Shields


You had 6 spell levels left.
You didn't know any spells.
Your spell library contained the following spells:

 Spells                   Type           Power      Damage    Failure   Level
 Portal Projectile        Hex/Tloc       0%         N/A       100%        3
 Tukima's Dance           Hex            0%         N/A       100%        3
 Cause Fear               Hex            0%         N/A       100%        4
 Blade Hands              Tmut           0%         N/A       100%        5
 Dragon Form              Tmut           0%         N/A       100%        7
 Dragon's Call            Summ           0%         N/A       100%        9


Dungeon Overview and Level Annotations

Branches:
Dungeon (5/15)             Temple (1/1) D:4

Altars:
Ashenzari
Cheibriados
Dithmenos
Fedhas
Gozag
Hepliaklqana
Qazlal
Sif Muna
Vehumet


Innate Abilities, Weirdness & Mutations

You cannot be hasted, slowed, berserked, paralysed or teleported.
You can dig through walls and to a lower floor.
You have a pair of large antennae on your head. (SInv)
Your four strong arms can wield two-handed weapons with a shield.


Message History

You block the orc's attack.
The quokka bites you but does no damage.
You slash the quokka!
You kill the quokka!
Qazlal accepts your kill. The orc hits you but does no damage.
You closely miss the orc. You block the orc's attack.
The orc hits you with a +0 whip.
* * * LOW HITPOINT WARNING * * *
The orc hits you but does no damage. The orc barely misses you.
You hit the orc.
The orc is severely wounded.
The orc hits you but does no damage. x2
You slash the orc!
You kill the orc!
Qazlal accepts your kill. The orc barely misses you.
You block the orc's attack.
Things that are here:
a +0 dagger; a +0 hand axe You hit the orc.
You kill the orc!
Qazlal accepts your kill.
Things that are here:
a +0 whip; an orc corpse An orc warrior comes into view.
It is wielding a +0 short sword and carrying a wand of mindburst (17).
An orc warrior is nearby!
An orc warrior is nearby!
An orc warrior is nearby!
The orc warrior shouts!
You hear a shout!
The orc warrior zaps a wand.
Your mind is blasted!
Things that are here:
a +0 whip; an orc corpse An orc comes into view.
It is wielding a +0 war axe.
The orc shouts!
An orc comes into view. It is wielding a +0 dagger.
The orc shouts!
An ice beast comes into view.
The orc warrior zaps a wand.
Your mind is blasted!
You die...

..# #...............# ..#
#...............###
..###..................
.....................
...................# #
##.##..............# ..#
)...#...........)).#...#
##..#.# ###......☼.....#
##..#.#. #.....@......#
....#.#.# #............#
....#.#.# #..............
....#.#.# #..............
....#.#.###'########.o...
#.....#.##....# .oo..
#.#####.##....# ..... #.#
#..'....# .Y #.#
#..#....#


You could see an orc warrior, an ice beast (wandering) and 2 orcs.

Vanquished Creatures
  A kobold brigand (D:4)
  A jelly (D:4)
  A hound (D:4)
  An orc priest (D:5)
  Natasha (thrice) (D:3)
  An iguana (D:5)
  4 gnolls (D:5)
  6 adders
  A shadow imp (D:5)
  A white imp (D:5)
  An ufetubus (D:4)
  5 worms
  3 dart slugs
  7 orcs
  4 ball pythons
  8 endoplasms
  5 giant cockroaches
  6 goblins
  7 hobgoblins
  12 kobolds
  7 quokkas
  6 bats
  A frilled lizard (D:1)
  6 rats
98 creatures vanquished.

Notes
Turn   | Place    | Note
-------+----------+-------------------------------------------
     0 | D:1      | lonewolfV2 the Formicid Fighter began the quest for the
                  | Orb.
     0 | D:1      | Reached XP level 1. HP: 18/18 MP: 1/1
   191 | D:1      | Reached XP level 2. HP: 20/24 MP: 2/2
   373 | D:1      | You fall into a shaft and drop 1 floor!
   427 | D:2      | Reached XP level 3. HP: 28/30 MP: 3/3
   447 | D:2      | Reached skill level 4 in Fighting
  1064 | D:2      | Reached XP level 4. HP: 37/37 MP: 4/4
  1898 | D:3      | Noticed Natasha
  1914 | D:3      | Killed Natasha
  1915 | D:3      | Reached XP level 5. HP: 28/43 MP: 5/5
  2223 | D:3      | Noticed Natasha
  2228 | D:3      | Killed Natasha
  2229 | D:3      | Reached skill level 5 in Fighting
  2253 | D:3      | Noticed Natasha
  2270 | D:3      | Killed Natasha
  2447 | D:3      | Found a hazy altar of Hepliaklqana.
  2448 | D:3      | Found a shadowy altar of Dithmenos.
  2448 | D:3      | Noticed a shadow
  2740 | D:4      | Found a staircase to the Ecumenical Temple.
  2749 | D:4      | Reached XP level 6. HP: 51/51 MP: 6/6
  2753 | Temple   | Entered the Ecumenical Temple
  2771 | Temple   | Became a worshipper of Qazlal Stormbringer
  3222 | D:4      | Found the +7 Throatcutter {drain, coup de grace}
  3243 | D:4      | Reached skill level 6 in Fighting
  3247 | D:4      | Reached skill level 5 in Axes
  3631 | D:5      | Entered Level 5 of the Dungeon
  3691 | D:5      | Reached skill level 1 in Long Blades
  3691 | D:5      | Reached XP level 7. HP: 54/58 MP: 7/7
  3890 | D:5      | Reached * piety under Qazlal
  4054 | D:5      | Blown up by an orc warrior

Illustrated notes

Levels and vault maps discovered:
D:1:      scummos_arrival_checkerplants, layout_loops_ring,
          nicolae_kite_square_tiling_tiny, minmay_tetromino_i4
D:2:      layout_rooms, kennysheep_generic_room_5
D:3:      layout_basic, riverfiend_overflow_shadow_ancestor, serial_curves,
          eino_curves_03, eino_curves_04, eino_curves_03, uniq_natasha
D:4:      layout_loops_ring, minmay_temple_entry_statues,
          dilly_guarded_unrand_throatcut
D:5:      layout_basic, lemuel_doored_altar
Temple:   eino_temple_water

Skill      XL: |  1  2  3  4  5  6  7 |
---------------+----------------------+-----
Fighting       | 4 5 6 |  6.3
Axes           | 3 4 5 |  5.0
Long Blades    | 1 2 |  2.2
Armour         | |  3.2
Shields        | |  4.0

Action                     |  1- 3 |  4- 6 |  7- 9 || total
---------------------------+-------+-------+-------++-------
  Melee: War axe           |    85 |   133 |       ||   218
         Long sword        |       |     9 |    33 ||    42
    Use: Scroll            |     8 |     7 |       ||    15
 Armour: Scale mail        |    60 |    60 |       ||   120
         Chain mail        |       |    13 |    28 ||    41
  Dodge: Dodged            |    58 |    63 |    16 ||   137
  Block: Buckler           |    27 |    39 |    16 ||    82
